[Event "Titled Tuesday Blitz February 07 Late 2023"]
[White "Rottenwohrer Suarez, Juan"]
[Black "Cori T., Deysi"]
[WhiteFideId "32068182"]
[BlackFideId "3801934"]
[WhiteElo "2265"]
[BlackElo "2362"]
[Result "1-0"]
[Round "03"]
[TimeControl "180+2"]
[Date "2023.02.07"]
[WhiteClock "0:00:49"]
[BlackClock "0:00:01"]

1. Nf3 g6 2. g3 Bg7 3. Bg2 d5 4. O-O c6 5. d3 Bg4 6. h3 Bxf3 7. Bxf3 Qd7 8. Bg2 e5 9. c4 Ne7 10. cxd5 cxd5 11. Nc3 Nbc6 12. Bg5 f6 13. Bd2 O-O 14. Rc1 Rfd8 15. Na4 b6 16. b4 Kh8 17. Qb3 Nd4 18. Qd1 Nxe2+ 19. Qxe2 Qxa4 20. Rc7 Rd7 21. Rfc1 Rad8 22. d4 Qxa2 23. dxe5 fxe5 24. R1c2 Qb1+ 25. Kh2 h6 26. Qg4 Rxc7 27. Rxc7 Ng8 28. Rf7 Qd3 29. Be3 Nf6 30. Qe6 Re8 31. Qc6 Rg8 32. Rxf6 Bxf6 33. Qxf6+ Kh7 34. Qxe5 Rg7 35. Bd4 1-0


[Site "https://www.chess.com"]

[Event "Titled Tuesday Blitz February 07 Late 2023"]
[White "Goroshkov, Maksym"]
[Black "Riff, Vincent"]
[WhiteFideId "14142716"]
[BlackFideId "617776"]
[WhiteElo "2287"]
[BlackElo "2383"]
[Result "1-0"]
[Round "03"]
[TimeControl "180+2"]
[Date "2023.02.07"]
[WhiteClock "0:00:20"]
[BlackClock "0:00:15"]

1. e4 c5 2. d4 cxd4 3. c3 Nf6 4. e5 Nd5 5. Bc4 e6 6. Bxd5 exd5 7. cxd4 Nc6 8. Nc3 d6 9. Nxd5 dxe5 10. dxe5 Be6 11. Nc3 Qxd1+ 12. Nxd1 Nxe5 13. Ne3 O-O-O 14. Nf3 Nxf3+ 15. gxf3 Bb4+ 16. Ke2 Rhe8 17. f4 Bd7 18. Rg1 Bb5+ 19. Kf3 Bc6+ 20. Kg3 Rd6 21. f5 Rd4 22. a3 Bd6+ 23. Kh3 g6 24. b4 Ree4 25. Rg4 Rxg4 26. Nxg4 Bd7 27. Be3 Rd3 28. Nf6 Bxf5+ 29. Kg2 Be5 30. Rc1+ Kd8 31. Bg5 Bh3+ 32. Kg1 Bxf6 33. Bxf6+ Kd7 34. Be5 Rxa3 35. Rc7+ Ke6 36. f4 Rf3 37. Rc1 g5 38. Re1 gxf4 39. Bxf4+ Kd5 40. Bb8 a6 41. Rc1 f5 42. Rc5+ Ke4 43. Rc1 Kd3 44. Ba7 Kd2 45. Ra1 Rb3 46. Bc5 Rf3 47. Ra2+ Kc1 48. Ra1+ Kb2 49. Re1 Kb3 50. Rb1+ Kc4 51. Rc1+ Kb5 52. Ra1 b6 53. Bf2 Kxb4 54. Bxb6 Kb5 55. Bf2 a5 56. Rb1+ Ka6 57. Ra1 Rb3 58. Be1 Rb5 59. Kf2 Bg4 60. Kg3 Rb3+ 61. Kf4 Rb5 62. Bc3 Rc5 63. Bd2 Rc4+ 64. Kg5 a4 65. Kh6 Rc2 66. Rxa4+ Kb5 67. Rd4 Kc5 68. Rd8 Kc6 69. Rc8+ Kd5 70. Rxc2 f4 71. Bxf4 Kd4 72. Bg3 Kd5 73. Rc7 Bf5 74. Rxh7 Bg6 75. Kxg6 1-0


[Site "https://www.chess.com"]

[Event "Titled Tuesday Blitz February 07 Late 2023"]
[White "Ladan, Nicholas"]
[Black "Tyagi, Kushan"]
[WhiteFideId "30918855"]
[BlackFideId "2040069"]
[WhiteElo "2228"]
[BlackElo "2060"]
[Result "1-0"]
[Round "03"]
[TimeControl "180+2"]
[Date "2023.02.07"]
[WhiteClock "0:00:08"]
[BlackClock "0:00:03"]

1. d4 Nf6 2. Bf4 e6 3. e3 c5 4. c3 Nc6 5. Nd2 d5 6. Ngf3 Bd6 7. Bg3 O-O 8. Bd3 b6 9. O-O Qc7 10. Bh4 Nd7 11. e4 cxd4 12. exd5 exd5 13. cxd4 Be7 14. Bg3 Bd6 15. Rc1 Bxg3 16. hxg3 Qd6 17. Bxh7+ Kxh7 18. Qc2+ Kg8 19. Qxc6 Qxc6 20. Rxc6 Nf6 21. Re1 Bd7 22. Rc7 Rfc8 23. Rec1 Kf8 24. Ne5 Be6 25. Ndf3 Ne8 26. R7c6 Rxc6 27. Rxc6 Rc8 28. Ng5 Rxc6 29. Nxc6 a6 30. Nxe6+ fxe6 31. Nb8 Nc7 32. Nd7+ Ke7 33. Nxb6 Nb5 34. Na4 Nxd4 35. Nc5 a5 36. Nb7 Nc6 37. Kf1 e5 38. Ke2 Kd7 39. Kd3 g6 40. Kc3 Kc7 41. Nc5 Kd6 42. Nd3 g5 43. b4 axb4+ 44. Nxb4 Na5 45. Nc2 Kc5 46. a4 Nc4 47. Ne1 d4+ 48. Kb3 e4 49. f3 d3 50. fxe4 d2 51. Nd3+ Kd4 52. Kc2 Kxe4 53. Nc5+ Ke3 54. Nb3 1-0


[Site "https://www.chess.com"]

[Event "Titled Tuesday Blitz February 07 Late 2023"]
[White "Sourath Biswas"]
[Black "TheKnightOfBosnia"]
[WhiteFideId "35091484"]
[WhiteElo "2281"]
[BlackElo "2526"]
[Result "0-1"]
[Round "03"]
[TimeControl "180+2"]
[Date "2023.02.07"]
[WhiteClock "0:01:59"]
[BlackClock "0:01:45"]

1. d4 Nf6 2. Bf4 c5 3. e3 g6 4. c3 Qb6 5. Qb3 Bg7 6. Nd2 d6 7. Nc4 Qc7 8. dxc5 Qxc5 9. Nf3 O-O 10. Be2 Nc6 11. O-O Be6 12. Nd4 Bd5 13. Qb5 Nxd4 14. Nxd6 0-1


[Site "https://www.chess.com"]

[Event "Titled Tuesday Blitz February 07 Late 2023"]
[White "Jorajuria Mendoza, Algol"]
[Black "Koc, Przemyslaw"]
[WhiteFideId "5128897"]
[BlackFideId "1109081"]
[WhiteElo "2069"]
[BlackElo "2346"]
[Result "0-1"]
[Round "03"]
[TimeControl "180+2"]
[Date "2023.02.07"]
[WhiteClock "0:00:05"]
[BlackClock "0:00:30"]

1. e4 d6 2. d4 Nf6 3. Nc3 e5 4. Nf3 Nbd7 5. Bc4 Be7 6. a4 c6 7. Ba2 h6 8. O-O Qc7 9. Qe2 a5 10. Qc4 O-O 11. h3 exd4 12. Nxd4 Nc5 13. Re1 Be6 14. Nxe6 fxe6 15. e5 dxe5 16. Be3 b6 17. Rad1 Nd5 18. Bxc5 Bxc5 19. Ne4 Be7 20. Qe2 Kh8 21. Qg4 Rae8 22. c4 Nf6 23. Nxf6 Rxf6 24. Bb1 Bc5 25. Re2 Ref8 26. Qe4 g6 27. Rf1 Bd4 28. Qh4 Kg7 29. Kh1 Qf7 30. f3 Qe7 31. Qg3 Qb4 32. Be4 Qxa4 33. Rc1 c5 34. Bd3 Qb3 35. Bb1 Bxb2 36. Rcc2 Bd4 37. Ba2 Qd3 38. Rcd2 Qa3 39. Kh2 Qc1 40. Rc2 Qg1# 0-1


[Site "https://www.chess.com"]

[Event "Titled Tuesday Blitz February 07 Late 2023"]
[White "Shapiro, Viktor"]
[Black "Gomes, Luiz Alexandre de Souza"]
[WhiteFideId "4175700"]
[BlackFideId "2102790"]
[WhiteElo "2192"]
[BlackElo "2254"]
[Result "1-0"]
[Round "03"]
[TimeControl "180+2"]
[Date "2023.02.07"]
[WhiteClock "0:01:03"]
[BlackClock "0:00:12"]

1. c4 e6 2. Nc3 d5 3. d4 Nf6 4. Nf3 Be7 5. Bg5 O-O 6. e3 h6 7. Bxf6 Bxf6 8. Qc2 b6 9. cxd5 exd5 10. Rc1 c6 11. Bd3 Re8 12. O-O Nd7 13. b4 Bb7 14. Rfd1 Nf8 15. Qa4 Qd6 16. Ba6 Bxa6 17. Qxa6 Qxb4 18. Qb7 Qd6 19. Ne2 Rec8 20. Nf4 Qd7 21. Qa6 Ne6 22. Nd3 c5 23. dxc5 bxc5 24. Nde5 Bxe5 25. Nxe5 Qd8 26. Nc6 Qd7 27. Ne5 Qd8 28. Qb7 Qc7 29. Qxd5 Rd8 30. Qe4 Rxd1+ 31. Rxd1 Rd8 32. Rc1 Qd6 33. h4 Qd5 34. Qxd5 Rxd5 35. Nc4 Rd3 36. g3 Rd8 37. Rb1 Rd7 38. Kg2 h5 39. Rb8+ Kh7 40. a4 g6 41. a5 Kg7 42. a6 Kf6 43. Rb7 Ke7 44. Ne5 Rc7 45. f4 Kd6 46. Nxf7+ Kc6 47. Ne5+ Kd6 48. Kf3 Rxb7 49. axb7 Kc7 50. Nxg6 Kxb7 51. f5 Nd8 52. e4 Kc6 53. e5 Kd5 54. e6 Nxe6 55. fxe6 Kxe6 56. Nf4+ Ke5 57. Ke3 a5 58. Kd3 a4 59. Nxh5 a3 60. Kc2 Kd4 61. Nf4 c4 62. h5 a2 63. Kb2 c3+ 64. Kxa2 c2 65. Kb2 1-0


[Site "https://www.chess.com"]

[Event "Titled Tuesday Blitz February 07 Late 2023"]
[White "Miszler, Levente"]
[Black "Karas, Marek"]
[WhiteFideId "763276"]
[BlackFideId "14928558"]
[WhiteElo "2271"]
[BlackElo "2227"]
[Result "1-0"]
[Round "03"]
[TimeControl "180+2"]
[Date "2023.02.07"]
[WhiteClock "0:00:43"]
[BlackClock "0:00:05"]

1. c4 e5 2. Nc3 Nf6 3. g3 c6 4. Bg2 d5 5. cxd5 cxd5 6. d4 exd4 7. Qxd4 Nc6 8. Qa4 d4 9. Nb5 Bb4+ 10. Bd2 Bxd2+ 11. Kxd2 O-O 12. Rd1 Qb6 13. Ke1 Rd8 14. Nf3 Bg4 15. h3 Bxf3 16. Bxf3 a6 17. Na3 Qxb2 18. Nc4 Qc3+ 19. Nd2 b5 20. Qb3 Rac8 21. Kf1 Ne5 22. Kg2 g6 23. Ne4 Nxe4 24. Bxe4 Nc4 25. Bb7 Rc5 26. Qxc3 dxc3 27. Rxd8+ Kg7 28. Be4 b4 29. Rd4 a5 30. Bc2 Na3 31. Bb3 Rc7 32. Rd5 Ra7 33. Rd4 a4 34. Rxb4 axb3 35. Rxb3 c2 36. Rc1 h5 37. e3 Kf6 38. Kf3 Ke5 39. Ke2 Kd5 40. Kd3 Ke5 41. Kc3 Kd5 42. Kb4 Nb1 43. Rxc2 Rb7+ 44. Ka5 Rxb3 45. axb3 Na3 46. Rd2+ Kc6 47. Rd4 Nc2 48. Rc4+ 1-0


[Site "https://www.chess.com"]

[Event "Titled Tuesday Blitz February 07 Late 2023"]
[White "Al-Tarboush, Ward"]
[Black "Carrasco Miranda, Andres"]
[WhiteFideId "7601450"]
[BlackFideId "3405990"]
[WhiteElo "2256"]
[BlackElo "2240"]
[Result "1-0"]
[Round "03"]
[TimeControl "180+2"]
[Date "2023.02.07"]
[WhiteClock "0:00:48"]
[BlackClock "0:00:13"]

1. e4 c5 2. Nf3 d6 3. d4 cxd4 4. Nxd4 Nf6 5. Nc3 a6 6. h3 e5 7. Nde2 h5 8. Bg5 Nbd7 9. Nd5 Qa5+ 10. b4 Qd8 11. c4 Be7 12. Nxe7 Qxe7 13. Nc3 Qe6 14. Be2 O-O 15. O-O a5 16. b5 Nc5 17. Nd5 Nxd5 18. exd5 Qf5 19. Be7 Ne4 20. Bxf8 Kxf8 21. Bd3 Qg6 22. Bxe4 Qxe4 23. Qxh5 Kg8 24. Rac1 b6 25. Rfe1 Qd3 26. Qh4 f6 27. Qg3 Qd2 28. Qe3 Qxe3 29. Rxe3 Bf5 30. g4 Bg6 31. a4 Rc8 32. Rec3 Kf7 33. f3 Ke7 34. Kf2 Bf7 35. Kg3 g5 36. h4 gxh4+ 37. Kxh4 Rh8+ 38. Kg3 Rc8 39. f4 Rh8 40. fxe5 fxe5 41. R3c2 Bg6 42. Rh2 Rf8 43. Rf2 Rh8 44. Rh2 Rf8 45. Rh6 Bd3 46. g5 Rf4 47. Re6+ Kd7 48. g6 Rf5 49. Kh4 e4 50. g7 1-0


[Site "https://www.chess.com"]

[Event "Titled Tuesday Blitz February 07 Late 2023"]
[White "Kourkoulos-Arditis, Stamatis"]
[Black "Rego, Pedro Filipe"]
[WhiteFideId "4221990"]
[BlackFideId "1904310"]
[WhiteElo "2539"]
[BlackElo "2312"]
[Result "1-0"]
[Round "03"]
[TimeControl "180+2"]
[Date "2023.02.07"]
[WhiteClock "0:00:35"]
[BlackClock "0:00:18"]

1. e4 c5 2. Nf3 d6 3. d4 cxd4 4. Nxd4 Nf6 5. Nc3 Nc6 6. Be2 g6 7. O-O Bg7 8. Nb3 O-O 9. Re1 a6 10. Bg5 b5 11. a4 b4 12. Nd5 Be6 13. Nxf6+ exf6 14. Bh4 Qc7 15. Bg3 Ne5 16. Nd4 Bc4 17. b3 Bxe2 18. Qxe2 Qc5 19. Rad1 Rfd8 20. f4 Nc6 21. Bf2 Qc3 22. Rd3 Nxd4 23. Bxd4 Qc6 24. Bf2 Rac8 25. Rd2 f5 26. Bd4 Bxd4+ 27. Rxd4 Qxc2 28. Qxc2 Rxc2 29. e5 Rc6 30. Red1 Kf8 31. exd6 a5 32. R1d3 Rd7 33. Rd5 Kg7 34. g3 Kf6 35. Rxa5 Rdxd6 36. Rxd6+ Rxd6 37. Rb5 Rd4 38. Kg2 Ke6 39. Rb6+ Kd5 40. Rb7 Ke4 41. a5 Rd2+ 42. Kh3 Ra2 43. Rxb4+ Kf3 44. Ra4 1-0


[Site "https://www.chess.com"]

[Event "Titled Tuesday Blitz February 07 Late 2023"]
[White "Fathy, Elameir"]
[Black "Chan, Luis"]
[WhiteFideId "10600396"]
[BlackFideId "3216357"]
[WhiteElo "2300"]
[BlackElo "2208"]
[Result "0-1"]
[Round "03"]
[TimeControl "180+2"]
[Date "2023.02.07"]
[WhiteClock "0:00:01"]
[BlackClock "0:00:04"]

1. d4 d6 2. Nf3 Nf6 3. c4 g6 4. Nc3 Bf5 5. Qb3 b6 6. g3 Ne4 7. Bg2 Nxc3 8. Qxc3 Be4 9. O-O Bg7 10. Qe3 Bb7 11. Bd2 O-O 12. Bc3 Nd7 13. d5 Bxc3 14. Qxc3 c6 15. Nd4 cxd5 16. cxd5 Nf6 17. Qb3 Qd7 18. Rac1 Rfc8 19. Nc6 e6 20. dxe6 fxe6 21. Ne5 dxe5 22. Bxb7 Rxc1 23. Bxa8 Rxf1+ 24. Kxf1 Qc8 25. Qf3 Kg7 26. Qb7+ Qxb7 27. Bxb7 Kf7 28. e3 Ke7 29. f3 Kd6 30. Ke2 Nd7 31. b4 a5 32. a3 Nf6 33. Kd3 Nd5 34. Bxd5 exd5 35. f4 a4 36. h3 h5 37. g4 Ke6 0-1


[Site "https://www.chess.com"]

[Event "Titled Tuesday Blitz February 07 Late 2023"]
[White "Jenkins, Drake"]
[Black "Hirneise, Jens"]
[WhiteFideId "2022397"]
[BlackFideId "24614734"]
[WhiteElo "2130"]
[BlackElo "2277"]
[Result "0-1"]
[Round "03"]
[TimeControl "180+2"]
[Date "2023.02.07"]
[WhiteClock "0:00:01"]
[BlackClock "0:01:04"]

1. Nf3 Nc6 2. d4 e6 3. g3 f5 4. Bg2 Nf6 5. O-O d5 6. c4 Be7 7. Nc3 O-O 8. b3 Ne4 9. Bb2 Bf6 10. e3 Ne7 11. Nd2 c6 12. f3 Nxc3 13. Bxc3 Bd7 14. e4 g6 15. cxd5 cxd5 16. e5 Bg7 17. f4 Rf7 18. Qe2 a6 19. a4 Bf8 20. Bb4 Nc6 21. Bxf8 Qxf8 22. Qd3 Qb4 23. Nf3 Na5 24. Nd2 Rc8 25. Rfc1 Rff8 26. Bf1 Rc6 27. Rxc6 Nxc6 28. Nf3 Na5 29. Rc1 Bc6 30. Nd2 Rc8 31. Qc3 Qxc3 32. Rxc3 Bd7 33. Rxc8+ Bxc8 34. Kf2 Kf8 35. Ke3 Ke7 36. b4 Nc6 37. b5 axb5 38. Bxb5 Na5 39. Kd3 Bd7 40. Kc3 Bxb5 41. axb5 b6 42. Kb4 Kd7 43. Kc3 Nb7 44. Nf3 Nd8 45. Ng5 h6 46. Nf3 Nf7 47. Nh4 g5 48. fxg5 hxg5 49. Ng2 g4 50. Nf4 Ng5 51. Kd3 Nf3 52. h4 gxh3 53. Nxh3 Nh2 54. Nf4 Ng4 55. Ne2 Ke7 56. Kc3 Kf7 0-1


[Site "https://www.chess.com"]

[Event "Titled Tuesday Blitz February 07 Late 2023"]
[White "Szente Varga, Fruzsina"]
[Black "Taboas Rodriguez, Daniel"]
[WhiteFideId "712264"]
[BlackFideId "2208466"]
[WhiteElo "2075"]
[BlackElo "2371"]
[Result "0-1"]
[Round "03"]
[TimeControl "180+2"]
[Date "2023.02.07"]
[WhiteClock "0:00:24"]
[BlackClock "0:00:46"]

1. e4 e5 2. Nf3 Nc6 3. Bb5 Nf6 4. Qe2 d6 5. c3 Bd7 6. O-O a6 7. Ba4 Be7 8. Rd1 O-O 9. d3 Re8 10. Nbd2 Bf8 11. Nf1 Nd4 12. Nxd4 Bxa4 13. Nf5 Bxd1 14. Qxd1 Re6 15. Bg5 h6 16. Bh4 Qd7 17. Qf3 Nh7 18. Rd1 g6 19. N5e3 Be7 20. Bxe7 Qxe7 21. Nd5 Qd8 22. Ng3 c6 23. Ne3 Qf6 24. Qe2 Rae8 25. Ng4 Qg7 26. Qe3 h5 27. Nh6+ Kh8 28. h4 Nf6 29. Rf1 Kh7 30. Nhf5 gxf5 31. Nxf5 Qg6 32. f4 Ng4 33. Qe2 exf4 34. Rxf4 d5 35. Ng3 dxe4 36. dxe4 Rf6 37. Nf5 Rxf5 0-1


[Site "https://www.chess.com"]

[Event "Titled Tuesday Blitz February 07 Late 2023"]
[White "Van Dael, Siem"]
[Black "Brodowski, Piotr"]
[WhiteFideId "1049771"]
[BlackFideId "1124480"]
[WhiteElo "2319"]
[BlackElo "2457"]
[Result "0-1"]
[Round "03"]
[TimeControl "180+2"]
[Date "2023.02.07"]
[WhiteClock "0:00:03"]
[BlackClock "0:01:35"]

1. e4 d6 2. d4 g6 3. Nc3 Bg7 4. Be3 a6 5. h4 h6 6. h5 g5 7. Nge2 b5 8. Qd2 Bb7 9. Ng3 e6 10. d5 Nd7 11. O-O-O Ngf6 12. f3 Qe7 13. Bd3 b4 14. Nce2 Ne5 15. Nd4 O-O 16. Kb1 Nfd7 17. Rdf1 Nc5 18. f4 Nexd3 19. cxd3 f6 20. dxe6 Nxe6 21. Ngf5 Qd7 22. Qxb4 c5 23. Qxb7 Qxb7 24. Nxe6 Rfb8 25. Bc1 Bf8 26. fxg5 fxg5 27. Nxf8 Rxf8 28. Nxh6+ Kh7 29. Nf5 c4 30. Rd1 cxd3 31. Nxd6 Qc6 32. Rxd3 Rad8 33. Rhd1 Rf2 34. Rc3 Qb6 35. e5 Rxg2 36. Rb3 Qc6 37. Rc3 Qd7 38. h6 Qe6 39. Rc7+ Rd7 40. Rxd7+ Qxd7 41. Rf1 Kxh6 42. Rf6+ Kg7 43. Rf7+ Qxf7 44. Nxf7 Kxf7 45. a4 Ke6 46. Be3 Kxe5 47. b4 Ke4 48. Bc5 Kd5 49. Be3 g4 50. b5 axb5 51. axb5 Re2 0-1


[Site "https://www.chess.com"]

[Event "Titled Tuesday Blitz February 07 Late 2023"]
[White "Martinez Reyes, Pedro Ramon"]
[Black "Schuster, Karsten"]
[WhiteFideId "3901807"]
[BlackFideId "4611071"]
[WhiteElo "2376"]
[BlackElo "2309"]
[Result "0-1"]
[Round "03"]
[TimeControl "180+2"]
[Date "2023.02.07"]
[WhiteClock "0:02:05"]
[BlackClock "0:00:24"]

1. e4 c6 2. c4 d5 3. cxd5 cxd5 4. exd5 Nf6 5. Qa4+ Bd7 6. Qb3 Na6 7. d4 Qa5+ 8. Nc3 Rc8 9. Nf3 g6 10. Ne5 Bg7 11. Nxd7 Nxd7 12. Qxb7 Rxc3 13. Bd2 Qc7 14. Bxa6 Qxb7 15. Bxb7 Rc2 16. Bc3 O-O 17. Ba6 Rb8 18. Bd3 Rbxb2 19. Bxb2 Rxb2 20. Rb1 Bxd4 21. Rxb2 Bxb2 22. Ke2 Nb6 23. Rb1 Bd4 24. Rb5 Kf8 25. Be4 Ke8 26. a4 Nxa4 27. Rb4 Nc3+ 28. Kd3 Nxe4 29. Kxd4 Nxf2 30. Kc5 Nd3+ 31. Kc4 Nxb4 32. Kxb4 Kd7 0-1


[Site "https://www.chess.com"]

[Event "Titled Tuesday Blitz February 07 Late 2023"]
[White "Ruiz Aguilar, Pablo Alexander"]
[Black "Defend, Balint"]
[WhiteFideId "4401352"]
[BlackFideId "17004853"]
[WhiteElo "2161"]
[BlackElo "1673"]
[Result "1-0"]
[Round "03"]
[TimeControl "180+2"]
[Date "2023.02.07"]
[WhiteClock "0:00:32"]
[BlackClock "0:00:50"]

1. e4 c6 2. d4 d5 3. exd5 cxd5 4. c4 Nf6 5. Nc3 e6 6. Nf3 Bb4 7. Bd3 dxc4 8. Bxc4 O-O 9. O-O Nbd7 10. a3 Bd6 11. Re1 Nb6 12. Ba2 h6 13. Qe2 Bd7 14. Ne5 Bc6 15. Nxc6 bxc6 16. Ne4 Nxe4 17. Qxe4 Nd5 18. Bd2 a5 19. Rac1 Qb8 20. Bb1 Nf6 21. Qh4 Rd8 22. Bxh6 Bxh2+ 23. Kh1 Rd5 24. Bg5 Qb5 25. Rc5 Rxc5 26. dxc5 Bb8 27. Bxf6 gxf6 28. Qh6 f5 29. Bxf5 Ra7 30. Bh7+ Kh8 31. Bd3+ Kg8 32. Bxb5 cxb5 33. Qg5+ Kh7 34. Re4 1-0


[Site "https://www.chess.com"]

[Event "Titled Tuesday Blitz February 07 Late 2023"]
[White "O`Gorman, Tom"]
[Black "Fajdetic, Hrvoje"]
[WhiteFideId "2508249"]
[BlackFideId "14501945"]
[WhiteElo "2355"]
[BlackElo "2151"]
[Result "1-0"]
[Round "03"]
[TimeControl "180+2"]
[Date "2023.02.07"]
[WhiteClock "0:00:21"]
[BlackClock "0:00:04"]

1. e4 c5 2. Nf3 a6 3. c3 d5 4. exd5 Qxd5 5. d4 Bg4 6. Be2 Nf6 7. c4 Qd6 8. dxc5 Qxc5 9. Be3 Qc7 10. Nc3 e6 11. O-O Bc5 12. Bxc5 Qxc5 13. h3 Bh5 14. Qb3 Qc7 15. Rfe1 O-O 16. Qc2 Nc6 17. Rad1 Rad8 18. Rxd8 Rxd8 19. Rd1 Bxf3 20. Rxd8+ Qxd8 21. Bxf3 Nd4 22. Qd1 Nxf3+ 23. Qxf3 Qc7 24. b3 h6 25. Ne4 Nxe4 26. Qxe4 a5 27. g3 b6 28. Kg2 g6 29. h4 Kg7 30. h5 f5 31. Qxe6 gxh5 32. Qxf5 Qc6+ 33. Qd5 Qg6 34. Kf3 Qg4+ 35. Ke3 h4 36. gxh4 Qxh4 37. Qb7+ Kf8 38. Qxb6 Qg5+ 39. Ke2 Qg4+ 40. Kd2 h5 41. Qf6+ Kg8 42. Qd8+ Kg7 43. Qe7+ Kg8 44. Qe8+ Kg7 45. Qe5+ Kg8 46. c5 h4 47. c6 h3 48. c7 Qd7+ 49. Ke2 h2 50. Qxh2 Qe6+ 51. Kf1 Qc8 52. Qg3+ Kh7 53. Kg2 a4 54. Qh3+ Qxh3+ 55. Kxh3 axb3 56. axb3 Kg7 57. c8=Q Kh7 58. Qf5+ Kg7 59. Qe6 1-0


[Site "https://www.chess.com"]

[Event "Titled Tuesday Blitz February 07 Late 2023"]
[White "Cueto, Jonny"]
[Black "Golubev, Mikhail"]
[WhiteFideId "3300145"]
[BlackFideId "14100983"]
[WhiteElo "2122"]
[BlackElo "2461"]
[Result "0-1"]
[Round "03"]
[TimeControl "180+2"]
[Date "2023.02.07"]
[WhiteClock "0:00:03"]
[BlackClock "0:00:06"]

1. d4 Nf6 2. Bf4 d6 3. e3 g6 4. c4 Bg7 5. Nc3 O-O 6. Be2 Nc6 7. Nf3 Nh5 8. Bg5 h6 9. Bh4 g5 10. Nd2 gxh4 11. Bxh5 e5 12. d5 Ne7 13. e4 f5 14. Qe2 Kh8 15. O-O-O Ng8 16. exf5 Bxf5 17. Bg4 Bxg4 18. Qxg4 Rxf2 19. Nde4 Rf4 20. Qe2 Ne7 21. g3 Rf8 22. Qh5 Qe8 23. Qxh4 Nf5 24. Qh3 Qg6 25. Rhf1 Ne3 26. Rxf8+ Rxf8 27. Re1 Nxc4 28. Rf1 Rxf1+ 29. Qxf1 Nb6 30. Qb5 h5 31. a4 a6 32. Qb3 Bh6+ 33. Kb1 Bd2 34. a5 Bxc3 35. axb6 Qxe4+ 36. Ka2 Ba5 37. bxc7 Bxc7 38. Qxb7 Qa4+ 39. Kb1 Qd7 40. Qa8+ Kg7 41. Qxa6 Kf7 42. Qe2 Qf5+ 43. Ka1 e4 44. Qc4 Bb6 45. Qc6 Bc5 46. Qb7+ Kg6 47. Qe7 Qxd5 48. Qe8+ Kg7 49. Qe7+ Kg6 50. Qe8+ Kg5 51. Qe7+ Kg4 52. Qh4+ Kf3 53. Qf4+ Kg2 54. g4 e3 55. Qg3+ Kh1 56. Qe1+ Kxh2 57. gxh5 Qg5 58. Qe2+ Kg3 59. Qc4 Qxh5 60. Qd5 Qxd5 61. Kb1 Qd1+ 62. Ka2 Qa4+ 63. Kb1 e2 64. Kc1 e1=Q# 0-1


[Site "https://www.chess.com"]

[Event "Titled Tuesday Blitz February 07 Late 2023"]
[White "Aggelis, Nikolaos"]
[Black "Mione, Dario"]
[WhiteFideId "4213220"]
[BlackFideId "806625"]
[WhiteElo "2270"]
[BlackElo "2228"]
[Result "1-0"]
[Round "03"]
[TimeControl "180+2"]
[Date "2023.02.07"]
[WhiteClock "0:00:27"]
[BlackClock "0:00:03"]

1. d4 d5 2. g3 Nf6 3. Bg2 c6 4. Nf3 Bf5 5. c4 e6 6. Qb3 Qc8 7. Nc3 Nbd7 8. Bf4 Be7 9. Rc1 O-O 10. Nh4 Be4 11. Nxe4 Nxe4 12. Nf3 Ndf6 13. O-O Bd6 14. Ne5 Nh5 15. cxd5 Nxf4 16. gxf4 Bxe5 17. fxe5 exd5 18. Qe3 Qf5 19. h4 Rab8 20. Bh3 Qh5 21. f3 Ng3 22. Rf2 Nf5 23. Qf4 Nxh4 24. Rh2 Qg6+ 25. Kf2 Qh6 26. Qxh6 gxh6 27. Bg4 Ng6 28. Rxh6 Kg7 29. Rch1 Rh8 30. e3 c5 31. Bf5 cxd4 32. exd4 Rbe8 33. Kg3 Re7 34. f4 Rc7 35. e6 Re7 36. exf7 Rxf7 37. Bxg6 Rf6 38. Rxh7+ Rxh7 39. Rxh7+ Kxg6 40. Rxb7 Ra6 41. a3 Kf5 42. Kf3 Ra4 43. Rb4 Ra5 44. a4 Kf6 45. b3 Ra6 46. Rb5 Rd6 47. Ra5 a6 48. Rc5 Rb6 49. Rxd5 Rxb3+ 50. Ke4 Rb4 51. Ra5 Rb6 52. Rh5 Kf7 53. Rh7+ Kg8 54. Rh5 Rb4 55. a5 Ra4 56. Rc5 Rb4 57. Rd5 Rb5 58. Rxb5 axb5 59. a6 b4 60. a7 b3 61. a8=Q+ 1-0


[Site "https://www.chess.com"]

[Event "Titled Tuesday Blitz February 07 Late 2023"]
[White "Jeziel_Vale"]
[Black "Dobrikov, Marco"]
[BlackFideId "12950378"]
[WhiteElo "2276"]
[BlackElo "2269"]
[Result "0-1"]
[Round "03"]
[TimeControl "180+2"]
[Date "2023.02.07"]
[WhiteClock "0:00:03"]
[BlackClock "0:01:02"]

1. d4 Nf6 2. c4 g6 3. Nc3 d5 4. cxd5 Nxd5 5. e4 Nxc3 6. bxc3 Bg7 7. Nf3 O-O 8. Be2 c5 9. Rb1 Qa5 10. Bd2 Qxa2 11. Ra1 Qe6 12. d5 Qd6 13. O-O e5 14. c4 b6 15. Qc1 Na6 16. Bh6 Bxh6 17. Qxh6 f6 18. Nh4 Rf7 19. f4 Nb4 20. fxe5 Qxe5 21. Nf3 Qxe4 22. Rae1 Nc2 23. Bd3 Qxe1 24. Rxe1 Nxe1 25. Nxe1 a5 26. d6 a4 27. Be4 Bb7 28. Bxb7 Rxb7 29. Nc2 a3 30. Qf4 Kf7 31. Qf3 Rba7 32. Qd5+ Kf8 33. d7 Rd8 34. Qd6+ Kf7 35. Qxb6 Rdxd7 36. Qxc5 a2 37. h3 Kg7 38. Kh2 Rab7 39. Na1 Rb1 40. Qc6 Rf7 41. c5 Rxa1 42. Qa4 Re7 43. c6 Rh1+ 44. Kxh1 Re1+ 0-1


[Site "https://www.chess.com"]

[Event "Titled Tuesday Blitz February 07 Late 2023"]
[White "Talbi, Chafik"]
[Black "Krallis, Christos"]
[WhiteFideId "7903715"]
[BlackFideId "4298896"]
[WhiteElo "2224"]
[BlackElo "2344"]
[Result "0-1"]
[Round "03"]
[TimeControl "180+2"]
[Date "2023.02.07"]
[WhiteClock "0:00:01"]
[BlackClock "0:00:15"]

1. e4 c5 2. Nf3 a6 3. c3 e6 4. d4 Nf6 5. e5 Nd5 6. Bc4 Nb6 7. Bd3 Nc6 8. O-O cxd4 9. cxd4 d6 10. Qe2 h6 11. Rd1 Nb4 12. Be4 d5 13. Bd3 Bd7 14. Nc3 Nxd3 15. Rxd3 Rc8 16. Nd2 Be7 17. Rg3 g6 18. Qd3 Bh4 19. Rf3 Bg5 20. g3 Na4 21. h4 Be7 22. Qe3 g5 23. hxg5 hxg5 24. g4 Qc7 25. Rh3 Rxh3 26. Qxh3 Nxc3 27. bxc3 Qxc3 28. Qxc3 Rxc3 29. Kg2 Bb5 30. Nf3 Be2 31. Nxg5 Bxg4 32. f3 Bf5 33. Bf4 b5 34. Kg3 b4 35. Rb1 a5 36. Rh1 Bxg5 37. Bxg5 Rxf3+ 38. Kxf3 Be4+ 39. Ke3 Bxh1 40. Kd2 Be4 41. Kc1 Kd7 42. Kb2 Kc6 0-1


[Site "https://www.chess.com"]

[Event "Titled Tuesday Blitz February 07 Late 2023"]
[White "Fisher_TheGalactic"]
[Black "Herbst, Richard"]
[BlackFideId "2041251"]
[WhiteElo "2561"]
[BlackElo "2120"]
[Result "1-0"]
[Round "03"]
[TimeControl "180+2"]
[Date "2023.02.07"]
[WhiteClock "0:00:33"]
[BlackClock "0:00:50"]

1. Nf3 d5 2. g3 g6 3. Bg2 Bg7 4. O-O e5 5. d3 Ne7 6. e4 O-O 7. Nbd2 a5 8. exd5 Nxd5 9. Nc4 Nc6 10. Re1 Re8 11. c3 b5 12. Ne3 Be6 13. Ng5 Nxe3 14. Bxe3 Bd5 15. Ne4 f5 16. Nc5 Bxg2 17. Kxg2 Qd5+ 18. Qf3 Rad8 19. Qxd5+ Rxd5 20. c4 bxc4 21. dxc4 Rd6 22. Rad1 e4 23. b3 Nd4 24. Nb7 Rd7 25. Rd2 c6 26. Nc5 Rdd8 27. Red1 Ne6 28. Nxe6 Rxd2 29. Rxd2 Rxe6 30. Rd7 Bc3 31. Kf1 h5 32. Ke2 Kf8 33. Bc5+ Ke8 34. Ra7 Re5 35. Bb6 Bb4 36. Ke3 g5 37. Kd4 Re7 38. Ra8+ Kf7 39. Bxa5 Rd7+ 40. Ke5 Bxa5 41. Rxa5 Rd2 42. Kxf5 Rxf2+ 43. Kxe4 Rxh2 44. Rxg5 Rxa2 45. Kd4 Ke6 46. Rxh5 Kd6 47. Rh6+ Kc7 48. b4 Rd2+ 49. Kc5 1-0


[Site "https://www.chess.com"]